 Dungeon Crawl Stone Soup version 0.27-a0-13-g87abb2d9eb (webtiles) character file.

Game seed: 6260027340430563999

4 Mesmaeker13 the Firebug (level 1, -1/11 HPs)
             Began as an Octopode Fire Elementalist on Jan 2, 2021.
             Slain by a jackal (3 damage)
             ... on level 1 of the Dungeon.
             The game lasted 00:00:16 (106 turns).

Mesmaeker13 the Firebug (Octopode Fire Elementalist) Turns: 106, Time: 00:00:17

Health: -1/11      AC:  1    Str:  7    XL:     1   Next: 60%
Magic:  0/3        EV: 13    Int: 17    God:
Gold:   0          SH:  0    Dex: 12    Spells: 3/4 levels left

rFire    . . .     SeeInvis .   a - +0 dagger
rCold    . . .     Faith    .   (no shield)
rNeg     . . .     Spirit   .   (helmet restricted)
rPois    .         Reflect  .   (no amulet)
rElec    .         Harm     .   (no ring)
rCorr    .         Rampage  .   (no ring)
Will     .....                  (no ring)
Stlth    +++.......             (no ring)
HPRegen  0.03/turn              (no ring)
MPRegen  0.08/turn              (no ring)
                                (no ring)
                                (no ring)

@: no status effects
A: almost no armour, stealthy swim, amphibious, 8 rings, constrict 8, camouflage
1, gelatinous body 1
a: no special abilities


You were on level 1 of the Dungeon.
You visited 1 branch of the dungeon, and saw 1 of its levels.

Inventory:

Hand Weapons
 a - a +0 dagger (weapon)


   Skills:
 + Level 2.1 Dodging
 - Level 2.6 Stealth
 + Level 2.0 Spellcasting
 + Level 1.1 Conjurations
 + Level 3.0 Fire Magic


You had 3 spell levels left.
You knew the following spells:

 Your Spells              Type           Power        Failure   Level
a - Foxfire               Conj/Fire      32%          9%          1

Your spell library contained the following spells:

 Spells                   Type           Power        Failure   Level
 Conjure Flame            Conj/Fire      8%           24%         3
 Inner Flame              Hex/Fire       7%           30%         3
 Sticky Flame             Conj/Fire      8%           63%         4
 Fireball                 Conj/Fire      4%           92%         5


Dungeon Overview and Level Annotations

Branches:
Dungeon (1/15)

Altars:


Innate Abilities, Weirdness & Mutations

You cannot wear most types of armour.
You are very stealthy in the water. (Stealth+)
You are amphibious.
You can wear up to eight rings at the same time.
You can use your tentacles to constrict eight enemies at once.
Your skin changes colour to match your surroundings (Stealth+).
Your rubbery body absorbs attacks. (AC +1, EV +1)


Message History

The foxfire hits the jackal but does no damage.
The jackal is lightly wounded.
The foxfire hits the jackal.
The jackal is almost dead.
The jackal barely misses you. The jackal bites you. The jackal misses you.
Casting: Foxfire (safe; 9% risk of failure)
Confirm with . or Enter, or press ? or * to list all spells.
You conjure some foxfire!
The jackal bites you. x2
The jackal barely misses you.
The foxfire hits the jackal.
The jackal is heavily wounded.
The foxfire hits the jackal.
You kill the jackal!
The jackal bites you. x2
* * * LOW HITPOINT WARNING * * *
The jackal barely misses you. The jackal bites you.
You die...

#.#######.#..# ..# #
#.#..# ..#
..##.#..######### #.#
#....#..##......#+#######
#.#
#....#..##..........#....
#.#
........##...............
#.#
#.....#.##...............
#.#
#....[..†................
#.#
#.......##.@.............
#.#
#.......##.hh............
.)#
#.......##.h.............
#####...##........####...
....##.......## .
.....###......# #####.
#.......# #....!..#
#........#


You could see 3 jackals.

Vanquished Creatures
  A leopard gecko (D:1)
  A jackal (D:1)
  A rat (D:1)
3 creatures vanquished.

Vanquished Creatures (others)
  10 foxfires (D:1)
10 creatures vanquished.

Grand Total: 13 creatures vanquished

Notes
Turn   | Place    | Note
-------+----------+-------------------------------------------
     0 | D:1      | Mesmaeker13 the Octopode Fire Elementalist began the quest
                  | for the Orb.
     0 | D:1      | Reached XP level 1. HP: 11/11 MP: 3/3
   106 | D:1      | Slain by a jackal

Illustrated notes

Levels and vault maps discovered:
D:1:      dpeg_arrival_tiny_j, layout_basic, kennysheep_decorative_pillar,
          lemuel_flame_loot_1

Action                   || total
-------------------------++-------
 Cast: Foxfire           ||     6
Dodge: Dodged            ||     8

Table legend: (Time is in decaauts)
 A = Elapsed time spent in this place.
 B = Non-inter-level travel time spent in this place.
 C = Inter-level travel time spent in this place.
 D = Time resting spent in this place.
 E = Time spent auto-exploring this place.
 F = Levels seen in this place.
 G = Mean time per level.
                   A        B        C        D        E       F      G
               +--------+--------+--------+--------+--------+-----+--------+
         Total |    105 |    105 |      0 |     11 |     62 |   1 |  105.0 |
       Dungeon |    105 |    105 |      0 |     11 |     62 |   1 |  105.0 |
               +--------+--------+--------+--------+--------+-----+--------+

Top non-repeatable levels by time:
     D:1: 105 daAuts
